 Dungeon Crawl Stone Soup version 0.28-a0-991-g956f0ee3d5 (webtiles) character file.

Game seed: 2208235995602298291

1577 bearlyready the Basher (level 8, -3/100 HPs)
             Began as a Black Draconian Berserker on Dec 5, 2021.
             Was an Elder of Trog.
             Slain by a vampire mosquito (10 damage)
             ... on level 5 of the Dungeon.
             The game lasted 00:07:25 (5964 turns).

bearlyready the Basher (Black Draconian Berserker)  Turns: 5964, Time: 00:07:25

Health: -3/100     AC:  7    Str: 22    XL:     8   Next: 60%
Magic:  8/8        EV: 12    Int:  8    God:    Trog [****..]
Gold:   529        SH:  0    Dex: 10    Spells: 7/7 levels left

rFire   . . .      SeeInvis .   q - +0 flail (vamp)
rCold   . . .      Faith    .   (no shield)
rNeg    . . .      Spirit   .   (armour unavailable)
rPois   .          Reflect  .   (helmet restricted)
rElec   +          Harm     .   (no cloak)
rCorr   .          Rampage  .   n - +0 pair of gloves
Will    .....                   (no boots)
Stlth   ..........              (no amulet)
HPRegen 0.26/turn               (no ring)
MPRegen 0.11/turn               (no ring)

@: berserking, very quick
A: breathe lightning, AC +6, unfitting armour, electricity resistance,
cold-blooded
a: Breathe Lightning, Renounce Religion, Berserk, Trog's Hand, Brothers in Arms


You were on level 5 of the Dungeon.
You worshipped Trog.
Trog was greatly pleased with you.
You visited 1 branch of the dungeon, and saw 5 of its levels.
You also visited: Ossuary.

You collected 529 gold pieces.

Inventory:

Hand Weapons
 a - a +0 mace
 q - a +0 vampiric flail (weapon)
Missiles
 d - 32 arrows
 e - 145 stones (quivered)
 k - 20 bolts
 l - 18 poisoned darts
 s - 43 sling bullets
Armour
 n - a +0 pair of gloves (worn)
Wands
 c - a wand of paralysis (7)
Scrolls
 b - 3 scrolls of vulnerability
 g - 5 scrolls of immolation
 j - 2 scrolls of blinking
 p - 2 scrolls of fog
 r - a scroll of silence
Potions
 f - a potion of ambrosia {unknown}
 h - a potion of flight
 i - a potion of degeneration {unknown}
 m - a potion of curing
 o - a potion of mutation {unknown}
 u - a potion of heal wounds {unknown}
 v - a potion of magic {unknown}
 w - a potion of berserk rage {unknown}


   Skills:
 - Level 4.8 Fighting
 + Level 10.0 Maces & Flails
 - Level 2.2 Throwing
 - Level 3.9 Dodging


You had 7 spell levels left.
You didn't know any spells.
Your spell library was empty.

Dungeon Overview and Level Annotations

Branches:
Dungeon (5/15)            Ossuary (visited)
 Temple: D:4-7

Altars:
Ru

Shops:
D:3 =


Innate Abilities, Weirdness & Mutations

You can breathe wild blasts of lightning.
Your glossy black scales are hard. (AC +6)
You cannot fit into any form of body armour.
You are resistant to electric shocks. (rElec)
You are cold-blooded and may be slowed by cold attacks.


Message History

The vampire mosquito bites you!
The vampire mosquito draws strength from your injuries!
The vampire mosquito bites you.
* * * LOW HITPOINT WARNING * * *
The vampire mosquito draws strength from your injuries!
You are too injured to fight recklessly!
You hit the vampire mosquito.
The vampire mosquito is lightly damaged.
The vampire mosquito bites you but does no damage.
The vampire mosquito barely misses you.
You are too injured to fight recklessly!
You sock the vampire mosquito!
The vampire mosquito is heavily damaged.
The vampire mosquito misses you. The vampire mosquito barely misses you.
A red film seems to cover your vision as you go berserk!
You feel yourself moving faster!
You feel mighty! The vampire mosquito bites you!
* * * LOW HITPOINT WARNING * * *
The vampire mosquito draws strength from your injuries!
You sock the vampire mosquito!
Your tail-slap misses the vampire mosquito.
The vampire mosquito is heavily damaged.
The vampire mosquito bites you but does no damage.
The vampire mosquito bites you.
* * * LOW HITPOINT WARNING * * *
The vampire mosquito draws strength from your injuries!
You barely miss the vampire mosquito.
Your tail-slap misses the vampire mosquito.
The vampire mosquito is heavily damaged.
The vampire mosquito bites you!
* * * LOW HITPOINT WARNING * * *
The vampire mosquito draws strength from your injuries!
You closely miss the vampire mosquito.
Your tail-slap misses the vampire mosquito.
The vampire mosquito is moderately damaged.
The vampire mosquito barely misses you.
You sock the vampire mosquito!
The vampire mosquito is severely damaged.
The vampire mosquito bites you!
You die...

***#############**************
*,,............#,,,,,,,,,+,,,,
*,,............#,,,,,,,,,*,,,,
*,,............+,,,,,,,,,*,,,,
*,,............#.......,,*,,,,
*,,.........†..#.......,,*,,,,
*,,........>...#......,,,*,,,,
**,..########@.##...####+#**,,
**##**#...##.y##...##...##*..
*,..............)....#...
*,...................#...
*,...................+...
*****#...#####...b##.##.##..
**≈≈,,♣♣♣P,≈≈*#....##.##)##..
*,≈≈,,,,.,,≈≈,+........#.....
*,,,,**.**,,,,#........#.....


You could see a vampire mosquito.

Vanquished Creatures
  Sigmund (D:2)
  2 vampire mosquitoes (D:5)
  An ogre (D:4)
  An elf zombie (Ossuary)
  A scorpion (D:3)
  2 water moccasin skeletons
  A jelly (D:4)
  3 hounds
  2 orc priests (D:3)
  A bullfrog skeleton (D:5)
  A centaur skeleton (D:4)
  Natasha (thrice) (D:2)
  2 mummies (Ossuary)
  8 adders
  2 ufetubi
  2 adder skeletons (D:4)
  2 worms
  2 dart slugs
  17 orcs
  4 endoplasms
  2 giant cockroaches
  2 gnoll zombies (Ossuary)
  4 hobgoblins
  6 jackals
  4 quokkas
  4 ball pythons
  5 bats
  7 frilled lizards
  10 goblins
  5 goblin zombies (Ossuary)
  2 hobgoblin zombies (Ossuary)
  12 kobolds
  4 orc zombies (Ossuary)
  22 rats
147 creatures vanquished.

Vanquished Creatures (collateral kills)
  A water moccasin (D:5)
  A black bear (D:5)
  A scorpion (D:5)
  A jelly (D:5)
  A white imp (D:5)
  An adder skeleton (D:5)
  2 orcs (D:5)
8 creatures vanquished.

Grand Total: 155 creatures vanquished

Notes
Turn   | Place    | Note
-------+----------+-------------------------------------------
     0 | D:1      | bearlyready the Draconian Berserker began the quest for the
                  | Orb.
     0 | D:1      | Reached XP level 1. HP: 19/19 MP: 1/1
   271 | D:1      | Reached XP level 2. HP: 7/26 MP: 2/2
   511 | D:1      | Found a faded altar of an unknown god.
   897 | D:1      | Reached ** piety under Trog
  1074 | D:1      | Reached XP level 3. HP: 33/33 MP: 3/3
  1419 | D:2      | Noticed Sigmund
  1457 | D:2      | Killed Sigmund
  1458 | D:2      | Reached skill level 4 in Maces & Flails
  1458 | D:2      | Reached XP level 4. HP: 14/41 MP: 4/4
  1458 | D:2      | Reached XP level 5. HP: 16/47 MP: 5/5
  1751 | D:2      | Noticed Natasha
  1757 | D:2      | Killed Natasha
  1859 | D:2      | Noticed Natasha
  1868 | D:2      | Killed Natasha
  1946 | D:2      | Noticed Natasha
  1956 | D:2      | Killed Natasha
  1957 | D:2      | Reached skill level 5 in Maces & Flails
  1957 | D:2      | Reached XP level 6. HP: 32/55 MP: 6/6
  2653 | D:3      | Reached *** piety under Trog
  2707 | D:3      | Found Agixza's Jewellery Shop.
  3115 | D:3      | Reached skill level 1 in Throwing
  3513 | D:4      | Reached skill level 6 in Maces & Flails
  3518 | D:4      | Your scales start taking on a glossy black colour.
  3518 | D:4      | Reached XP level 7. HP: 52/60 MP: 7/7
  3518 | D:4      | Gained mutation: You are resistant to electric shocks.
                  | (rElec) [Black Draconian growth]
  3696 | D:3      | HP: 3/60 [poisoned by a scorpion]
  4412 | D:4      | Reached skill level 7 in Maces & Flails
  4911 | D:5      | Entered Level 5 of the Dungeon
  5004 | D:5      | Noticed a vampire mosquito
  5004 | D:5      | Noticed a vampire mosquito
  5020 | D:5      | Killed a vampire mosquito
  5061 | D:5      | Found a sand-covered staircase.
  5066 | Ossuary  | Entered an ossuary
  5258 | Ossuary  | Reached skill level 8 in Maces & Flails
  5275 | Ossuary  | Reached **** piety under Trog
  5295 | Ossuary  | Reached XP level 8. HP: 60/67 MP: 8/8
  5399 | D:5      | Reached skill level 9 in Maces & Flails
  5733 | D:5      | Found a sacrificial altar of Ru.
  5947 | D:5      | Reached skill level 10 in Maces & Flails
  5964 | D:5      | Slain by a vampire mosquito

Illustrated notes

Levels and vault maps discovered:
D:1:      scummos_arrival_simple_fountains, layout_loops_ring,
          chequers_ecumenical_altar_simple_redux
D:2:      layout_rooms, uniq_sigmund, uniq_natasha
D:3:      layout_loops_ring, serial_shops, nicolae_shop_window_shopping,
          corexii_shack, minmay_rat_hole
D:4:      layout_cave_pools, dk_noncrumbling_3, minmay_circle_x
D:5:      layout_gridville, mainiacjoe_overflow_small_starburst,
          nicolae_elyvilon_peaceful_grove, enter_ossuary_5

Skill      XL: |  1  2  3  4  5  6  7  8 |
---------------+-------------------------+-----
Dodging        | 3 |  3.9
Fighting       | 4 |  4.8
Maces & Flails | 4 5 6 8 10 | 10.0
Throwing       | 1 2 |  2.2

Action                   |  1- 3 |  4- 6 |  7- 9 || total
-------------------------+-------+-------+-------++-------
Melee: Mace              |    98 |   157 |       ||   255
       Tailslap          |     7 |    26 |    27 ||    60
       Flail             |       |    10 |   198 ||   208
Throw: Stone             |       |     2 |     2 ||     4
       Dart              |       |       |    15 ||    15
       Boomerang         |       |       |     8 ||     8
Invok: Berserk           |     2 |       |     2 ||     4
       Trog's Hand       |       |       |     1 ||     1
       Brothers in Arms  |       |       |     1 ||     1
 Abil: Breathe Lightning |       |       |     6 ||     6
  Use: Potion            |     1 |       |     2 ||     3
       Scroll            |       |       |     9 ||     9
Armor: Skin              |    31 |    85 |   126 ||   242
Dodge: Dodged            |    55 |   149 |   181 ||   385

Table legend: (Time is in decaauts)
 A = Elapsed time spent in this place.
 B = Non-inter-level travel time spent in this place.
 C = Inter-level travel time spent in this place.
 D = Time resting spent in this place.
 E = Time spent auto-exploring this place.
 F = Levels seen in this place.
 G = Mean time per level.
                   A        B        C        D        E       F      G
               +--------+--------+--------+--------+--------+-----+--------+
         Total |   6055 |   5925 |    130 |   1060 |   3708 |   6 | 1009.2 |
       Dungeon |   5725 |   5595 |    130 |    896 |   3626 |   5 | 1145.0 |
       Ossuary |    329 |    329 |      0 |    164 |     82 |   1 |  329.0 |
               +--------+--------+--------+--------+--------+-----+--------+

Top non-repeatable levels by time:
     D:3: 1574 daAuts
     D:1: 1230 daAuts
     D:2: 1122 daAuts
     D:4: 1077 daAuts
     D:5: 721 daAuts
 Ossuary: 329 daAuts
